 Dungeon Crawl Stone Soup version 0.31-a0-271-gb88eb75e06 (webtiles) character file.

Game seed: 9188220171510241895

1514 garrulousMonolith the Insei (level 8, 0/54 HPs)
             Began as an Octopode Shapeshifter on July 14, 2023.
             Was a Priest of Wu Jian.
             Slain by a scorpion (7 damage)
             ... on level 5 of the Dungeon.
             The game lasted 00:06:42 (5353 turns).

garrulousMonolith the Insei (Octopode Shapeshifter) Turns: 5353, Time: 00:06:42

Health: 0/54       AC:  1    Str: 20    XL:     8   Next: 83%
Magic:  8/8        EV: 14    Int: 17    God:    Wu Jian [***...]
Gold:   329        SH:  0    Dex: 14    Spells: 7/7 levels left

rFire   . .          .
                       - Unarmed
rCold   . . .        (no shield)
rNeg    . . .        (helmet currently unavailable)
rPois   +            (no amulet)
rElec   .            r - +6 ring of strength
rCorr   .            g - ring of see invisible
SInv    +            j - ring of poison resistance
Will    .....        u - +6 ring of intelligence
Stlth   ++++         (no ring)
HPRegen 0.29/turn    (no ring)
MPRegen 0.11/turn    (no ring)
                     (no ring)

%: no passive effects
@: mighty, beast-form
A: beast (slay +3), almost no armour, amphibious, 8 rings, camouflage 1,
gelatinous body 1, (nimble swimmer 1), tentacles
a: Begin Untransformation, Renounce Religion, Wall Jump, Serpent's Lash


You were on level 5 of the Dungeon.
You worshipped Wu Jian.
Wu Jian was most pleased with you.
You were a hulking beast.
You visited 1 branch of the dungeon, and saw 6 of its levels.
You also visited: Sewer.

You collected 329 gold pieces.

Inventory:

Hand Weapons
 w - a +1 dagger of electrocution
Missiles
 d - 3 curare-tipped darts
 o - 7 poisoned darts
 y - 6 javelins
 D - 5 datura-tipped darts
Magical Staves
 s - a staff of air
Jewellery
 g - a ring of see invisible (right tentacle)
 j - a ring of poison resistance (on tentacle)
 r - a +6 ring of strength (left tentacle)
 u - a +6 ring of intelligence (on tentacle)
Talismans
 b - a beast talisman
Wands
 z - a wand of mindburst (6)
Scrolls
 e - a scroll of immolation
 h - 2 scrolls of enchant armour
 l - 2 scrolls of teleportation {unknown}
 m - a scroll of summoning {unknown}
 n - 2 scrolls of vulnerability
 v - 2 scrolls of noise {unknown}
 x - a scroll of blinking
 B - a scroll of fear {unknown}
Potions
 a - 2 potions of lignification
 c - a potion of heal wounds {unknown}
 i - a potion of enlightenment {unknown}
 k - a potion of might
 q - a potion of mutation {unknown}
 t - a potion of degeneration {unknown}
 A - a potion of brilliance


   Skills:
 + Level 4.5 Fighting
 + Level 4.5 Dodging
 + Level 5.5 Stealth
 * Level 5.9 Unarmed Combat
 * Level 5.5 Shapeshifting


You had 7 spell levels left.
You didn't know any spells.
Your spell library contained the following spells:

 Spells                   Type           Power      Damage    Failure   Level
 Foxfire                  Conj/Fire      0%         2x1d4     24%         1
 Blink                    Tloc           0%         N/A       34%         2
 Cigotuvi's Dreadful Rot  Necr/Pois/Air  0%         N/A       34%         2
 Lesser Beckoning         Tloc           0%         N/A       34%         2
 Momentum Strike          Conj/Tloc      0%         3d8       34%         2
 Ignite Poison            Fire/Tmut/Pois 0%         N/A       56%         3
 Olgreb's Toxic Radiance  Pois           0%         N/A       93%         4
 Passage of Golubria      Tloc           0%         N/A       93%         4
 Sticky Flame             Conj/Fire      0%         2d3       93%         4
 Freezing Cloud           Conj/Ice/Air   0%         6-21      100%        5
 Silence                  Hex/Air        0%         N/A       100%        5
 Plasma Beam              Fire/Air       0%         2x1d10    100%        6
 Starburst                Conj/Fire      0%         6d3       100%        6
 Discord                  Hex            0%         N/A       100%        8
 Ignition                 Fire           0%         3d3       100%        8
 Lehudib's Crystal Spear  Conj/Erth      0%         10d2      100%        8


Dungeon Overview and Level Annotations

Branches:
Dungeon (6/15)              Sewer (visited)
 Temple: D:4-7

Altars:
Gozag
Nemelex Xobeh
Wu Jian
The Shining One

Shops:
D:5 :

Annotations:
D:3 2 transporters, Starbright's ghost, amateur FoVM


Innate Abilities, Weirdness & Mutations

You are a hulking beast.
Your limbs bulge with bestial killing power. (Slay +3)
You cannot wear most types of armour.
You are amphibious.
You can wear up to eight rings at the same time.
Your skin changes colour to match your surroundings (Stealth+).
Your rubbery body absorbs attacks. (AC +1, EV +1)
((You are camouflaged when in or above water. (Stealth+)))
You have tentacles for arms and can constrict up to eight enemies at once.


Message History

You kill the orc!
The Council accepts your kill.
Okay, then.
Items here: ( )) ††.
A scorpion, a hound and an orc come into view.
You see here a scroll of identify.
You barely miss the orc wizard. You grab the orc wizard.
You squeeze the orc wizard.
The orc wizard is moderately wounded.
You constrict the orc wizard. You bludgeon the orc wizard!
You kill the orc wizard!
The Council accepts your kill.
An orc comes into view. It is wielding a +0 short sword.
The hound pauses to sniff the ground.
The scorpion attacks as you move away! The scorpion closely misses you.
The hound attacks as you move away! The hound barely misses you.
The hound closely misses you.
There is a stone staircase leading up here.
The scorpion stings you.
* * * LOW HITPOINT WARNING * * *
The hound completely misses you.
You climb upwards.
There is a stone staircase leading down here.
You spin and attack the hound.
You bludgeon the hound! Your grab misses the hound.
Your squeeze misses the hound.
The hound is heavily wounded.
The hound barely misses you. x2
You spin and attack the hound.
You miss the hound. You grab the hound.
The hound is heavily wounded.
You constrict the hound. The hound barely misses you.
You release your grip on the hound.
You spin and attack the hound.
You tentacle-slap the hound. Your grab misses the hound.
Your squeeze misses the hound.
The hound is almost dead.
The hound barely misses you. x2
You miss the hound. Your grab misses the hound. Your squeeze misses the hound.
The hound is almost dead.
The scorpion stings you!
You die...

#####.## ######### ###
##....#.###.......# ######..
##..#.###.##.#####.# #......#
##....## ##......##.# #.####..
.......###.##.##.##.# #.# ##.
##...##.#.###.##.##.# #.# #..
###.####.## #.#>..#.# #.# #.. #
#.# ### #...hs..# #.# #.# # #.#
####..h..## #.# #.. ###'##
#........# #.# ###
##...######.###...## #.#
#.................# #.####
.......##~~.~~##..# #....# #
.......##≈~.~~##..########....###
.......≈≈.....≈≈........<.......'
......~~~.....~~..########....###
.<.....~~...~~....## ##.#.# #


You could see a scorpion and a hound.

Vanquished Creatures
  Maggie (D:6)
  Eustachio (D:4)
  An orc warrior (D:5)
  2 ogres (D:4)
  2 bullfrogs (Sewer)
  A kobold brigand (D:6)
  2 scorpions (D:5)
  2 hounds
  4 orc priests
  An iguana (D:5)
  2 orc wizards
  12 adders
  A river rat (D:5)
  A white imp (D:6)
  4 worms
  5 dart slugs
  16 orcs
  17 ball pythons
  10 endoplasms
  6 giant cockroaches
  6 goblins
  2 hobgoblins
  5 jackals
  13 kobolds
  12 quokkas
  6 bats
  9 frilled lizards
  10 rats
154 creatures vanquished.

Notes
Turn   | Place    | Note
-------+----------+-------------------------------------------
     0 | D:1      | garrulousMonolith the Octopode Shapeshifter began the quest
                  | for the Orb.
     0 | D:1      | Reached XP level 1. HP: 14/14 MP: 1/1
    79 | D:1      | Reached XP level 2. HP: 19/19 MP: 2/2
   954 | D:2      | Reached XP level 3. HP: 24/24 MP: 3/3
   970 | D:2      | Reached skill level 1 in Stealth
  1008 | D:2      | Found a faded altar of an unknown god.
  1156 | D:2      | You fall into a shaft and drop 2 floors!
  1172 | D:4      | Found an ornate altar of the Wu Jian Council.
  1174 | D:4      | Found a glowing golden altar of the Shining One.
  1176 | D:4      | Became a worshipper of the Wu Jian Council
  1236 | D:3      | Found a transporter.
  1239 | D:3      | Noticed Starbright's ghost (amateur FoVM)
  1735 | D:3      | Found a transporter.
  1958 | D:3      | Reached XP level 4. HP: 13/30 MP: 4/4
  2476 | D:4      | Noticed Eustachio
  2487 | D:4      | Killed Eustachio
  2488 | D:4      | Reached XP level 5. HP: 10/36 MP: 5/5
  2488 | D:4      | Reached XP level 6. HP: 12/42 MP: 6/6
  2627 | D:4      | Reached * piety under Wu Jian
  2974 | D:4      | Reached XP level 7. HP: 22/46 MP: 7/7
  3214 | D:4      | Found an opulent altar of Gozag.
  3215 | D:4      | Found a sparkling altar of Nemelex Xobeh.
  3402 | D:5      | Entered Level 5 of the Dungeon
  3752 | D:5      | Found a glowing drain.
  3762 | Sewer    | Entered a sewer
  3836 | Sewer    | Reached ** piety under Wu Jian
  3957 | Sewer    | Reached XP level 8. HP: 50/54 MP: 8/8
  4123 | D:5      | Reached skill level 5 in Unarmed Combat
  4434 | D:5      | Reached skill level 5 in Shapeshifting
  4812 | D:5      | Found Muent's Vocational Training.
  5090 | D:6      | Noticed a yak
  5095 | D:6      | Reached skill level 5 in Stealth
  5101 | D:6      | Noticed a yak
  5102 | D:6      | Noticed a yak
  5102 | D:6      | Noticed a yak
  5102 | D:6      | Noticed a yak
  5103 | D:6      | Reached *** piety under Wu Jian
  5322 | D:6      | Noticed Maggie
  5330 | D:6      | Killed Maggie
  5353 | D:5      | Slain by a scorpion

Illustrated notes

Levels and vault maps discovered:
D:1:      doesnt_arrival_eight_statues, layout_basic, skrybe_limestone_x
D:2:      layout_rooms, shapermc_ecumenical_altar_gd
D:3:      layout_loops_cross, gammafunk_ghost_arena
D:4:      layout_gridville, grunt_temple_overflow_opulence,
          nicolae_overflow_squiral, uniq_eustachio
D:5:      layout_loops_corners, cheibrodos_sewer_entry_sluice,
          nicolae_shop_vocational
D:6:      layout_basic, uniq_maggie, uniq_edmund

Skill      XL: |  1  2  3  4  5  6  7  8 |
---------------+-------------------------+-----
Stealth        | 1 2 3 4 5 |  5.5
Unarmed Combat | 3 4 5 |  5.9
Fighting       | 3 4 |  4.5
Dodging        | 3 4 |  4.5
Shapeshifting  | 4 5 |  5.5

Action                     |  1- 3 |  4- 6 |  7- 9 || total
---------------------------+-------+-------+-------++-------
  Melee: Unarmed           |    67 |    65 |   158 ||   290
         Constrict         |    16 |    17 |    43 ||    76
         Tentacles         |    10 |    14 |    37 ||    61
         Punch             |       |     1 |     8 ||     9
Ability: Lunge             |     3 |     8 |    17 ||    28
         Whirlwind         |       |     3 |    50 ||    53
    Use: Scroll            |     1 |     1 |     4 ||     6
         Potion            |       |       |     6 ||     6
   Stab: Sleeping          |    13 |     9 |    15 ||    37
 Armour: Skin              |     3 |     4 |     6 ||    13
  Dodge: Dodged            |    21 |    31 |    87 ||   139

Table legend: (Time is in decaauts)
 A = Elapsed time spent in this place.
 B = Non-inter-level travel time spent in this place.
 C = Inter-level travel time spent in this place.
 D = Time resting spent in this place.
 E = Time spent auto-exploring this place.
 F = Levels seen in this place.
 G = Mean time per level.
                   A        B        C        D        E       F      G
               +--------+--------+--------+--------+--------+-----+--------+
         Total |   5321 |   5105 |    216 |   1036 |   3153 |   7 |  760.1 |
       Dungeon |   5089 |   4873 |    216 |   1036 |   3039 |   6 |  848.2 |
         Sewer |    232 |    232 |      0 |      0 |    114 |   1 |  232.0 |
               +--------+--------+--------+--------+--------+-----+--------+

Top non-repeatable levels by time:
     D:5: 1538 daAuts
     D:4: 1057 daAuts
     D:1: 933 daAuts
     D:3: 785 daAuts
     D:2: 618 daAuts
   Sewer: 232 daAuts
     D:6: 156 daAuts
